 Dungeon Crawl Stone Soup version 0.25.1-2-g60ff931df9 (webtiles) character file.

Game seed: 14273071131448351287

2839 Curus the Spear-Bearer (level 9, -5/70 HPs)
             Began as a Hill Orc Fighter on Nov 2, 2020.
             Was a Priest of Okawaru.
             Splashed by a gnoll sergeant's acid (12 damage)
             ... in a bailey on Nov 3, 2020.
             The game lasted 00:39:45 (6533 turns).

Curus the Spear-Bearer (Hill Orc Fighter)           Turns: 6533, Time: 00:39:46

Health: -5/70      AC:  6    Str: 19    XL:     9   Next: 74%
Magic:  7/9        EV:  7    Int:  8    God:    Okawaru [***...]
Gold:   413        SH: 12    Dex: 19    Spells: 8/8 levels left

rFire    . . .     SeeInvis .   a - +1 trident
rCold    . . .     Gourm    .   c - +0 kite shield
rNeg     . . .     Faith    .   d - +0 plate armour
rPois    .         Spirit   .   (no helmet)
rElec    .         Reflect  .   s - +2 cloak {MR+}
rCorr    .         Harm     .   o - +0 pair of gloves
MR       ++...                  (no boots)
Stlth    ..........             q - amulet of regeneration
HPRegen  0.61/turn              j - +6 ring of dexterity
MPRegen  0.11/turn              (no ring)

@: heroism, corroded
A: magic resistance 1, mutation resistance 1
a: Heroism, Renounce Religion


You were in a bailey.
You worshipped Okawaru.
Okawaru was most pleased with you.
You were not hungry.

You visited 2 branches of the dungeon, and saw 8 of its levels.
You also visited: Bailey.

You collected 413 gold pieces.

Inventory:

Hand Weapons
 a - a +1 trident (weapon)
Armour
 b - a +0 scale mail
 c - a +0 kite shield (worn)
 d - a +0 plate armour (worn)
 k - a +0 chain mail
 o - a +0 pair of gloves (worn)
 s - a +2 cloak of magic resistance (worn)
Jewellery
 i - an uncursed amulet of inaccuracy
 j - a +6 ring of dexterity (left hand)
 p - an uncursed amulet of faith
 q - an amulet of regeneration (around neck)
Wands
 n - a wand of clouds (1)
 r - a wand of polymorph (5)
Scrolls
 e - 6 scrolls of remove curse
 g - a scroll of amnesia
 l - 4 scrolls of identify
 t - a scroll of magic mapping
Potions
 h - 2 potions of stabbing
 m - 2 potions of curing
Comestibles
 f - 12 rations
 u - 9 chunks of flesh


   Skills:
 - Level 3.6(8.6) Fighting
 + Level 13.8(18.8) Polearms
 - Level 3.2(8.2) Armour
 - Level 3.2(8.2) Shields


You had 8 spell levels left.
You didn't know any spells.
Your spell library was empty.

Dungeon Overview and Level Annotations

Branches:
Dungeon (7/15)             Temple (1/1) D:4          Bailey (1/1)

Altars:
Ashenzari
Cheibriados
Dithmenos
Fedhas
Hepliaklqana
Okawaru
Qazlal
Sif Muna
Uskayaw


Innate Abilities, Weirdness & Mutations

You are resistant to hostile enchantments. (MR+)
You are somewhat resistant to further mutation.


Message History

a +0 spear; a +0 ring mail; a gnoll corpse You hit the gnoll sergeant.
The gnoll sergeant is lightly wounded.
The gnoll sergeant zaps a wand.
The bolt of acid hits you. The acid corrodes you!
You are splashed with acid!
* * * LOW HITPOINT WARNING * * *
You hit the gnoll sergeant but do no damage.
The gnoll sergeant is lightly wounded.
Your plate armour prevents you from hitting the gnoll sergeant.
The gnoll sergeant is lightly wounded.
The gnoll sergeant hits you with a +0 halberd.
* * * LOW HITPOINT WARNING * * *
You hit the gnoll sergeant.
The gnoll sergeant is moderately wounded.
Your shield and plate armour prevent you from hitting the gnoll sergeant.
The gnoll sergeant is moderately wounded.
The gnoll sergeant zaps a wand.
The bolt of acid hits you!
* * * LOW HITPOINT WARNING * * *
The acid corrodes you!
You are splashed with acid!
You die...

≈≈.. ######### ≈..#
......8.## ≈..#
.........## ≈..#
.....)..# ♣ ≈..#
#####.g.).# ≈♣ ≈..#
##...##.@))# .≈♣
≈..######.....###)##..≈♣
...'...#.......#))....≈♣
...'.).))..8..)'.)....≈♣
...')..#......)#......≈♣
≈..######.....###'##..≈♣
≈..# ##...## ...#..≈♣
≈..# ##### ....#..≈♣
≈..# ....# .≈♣


You could see a gnoll sergeant.

Vanquished Creatures
  Pikel (D:6)
  Edmund (D:4)
  An ice beast (D:6)
  2 sky beasts
  A slave (D:6)
  2 ogres
  The ghost of Quickbrownfox the Chiller, an amateur DsIE (D:4)
  A centaur (D:6)
  2 big kobolds
  4 gnoll sergeants (Bailey)
  2 bullfrogs
  3 scorpions
  2 hounds (Bailey)
  3 orc priests
  4 orc wizards
  Crazy Yiuf (D:5)
  4 gnoll shamans (Bailey)
  A centaur skeleton (D:5)
  Ijyb (D:5)
  3 iguanas
  9 worker ants
  2 hound zombies
  2 hound skeletons
  A worker ant zombie (D:7)
  6 adders
  13 gnolls (Bailey)
  A shadow imp (D:6)
  2 oozes
  3 dart slugs
  3 leopard geckos
  9 orcs
  4 bats
  4 giant cockroaches
  9 goblins
  2 hobgoblins
  14 jackals
  15 kobolds
  A quokka (D:7)
  A ball python (D:2)
  2 frilled lizards
  A leopard gecko zombie (D:6)
  6 rats
150 creatures vanquished.

Vanquished Creatures (others)
  A slave (D:6)
  An orc wizard (D:6)
2 creatures vanquished.

Grand Total: 152 creatures vanquished

Notes
Turn   | Place    | Note
-------+----------+-------------------------------------------
     0 | D:1      | Curus the Hill Orc Fighter began the quest for the Orb.
     0 | D:1      | Reached XP level 1. HP: 19/19 MP: 1/1
   162 | D:1      | Reached skill level 3 in Polearms
   162 | D:1      | Reached XP level 2. HP: 26/26 MP: 2/2
   632 | D:1      | Gained mutation: You are somewhat resistant to further
                  | mutation. [potion of mutation]
   632 | D:1      | Gained mutation: You are resistant to hostile enchantments.
                  | (MR+) [potion of mutation]
   710 | D:2      | Reached XP level 3. HP: 31/31 MP: 3/3
   725 | D:2      | Reached skill level 4 in Polearms
  1693 | D:3      | Reached XP level 4. HP: 39/39 MP: 4/4
  1946 | D:3      | Found a blossoming altar of Fedhas.
  2229 | D:4      | Reached skill level 5 in Polearms
  2244 | D:4      | Reached XP level 5. HP: 19/45 MP: 5/5
  2366 | D:4      | Noticed Edmund
  2375 | D:4      | Killed Edmund
  2375 | D:4      | Reached skill level 6 in Polearms
  2375 | D:4      | Reached XP level 6. HP: 24/51 MP: 6/6
  2618 | D:4      | Found a staircase to the Ecumenical Temple.
  2633 | Temple   | Entered the Ecumenical Temple
  2638 | Temple   | Became a worshipper of Warmaster Okawaru
  2737 | D:4      | Reached skill level 7 in Polearms
  2741 | D:4      | HP: 2/76 [orc (3)]
  2753 | D:4      | HP: 2/51 [orc (1)]
  3083 | D:4      | Reached skill level 8 in Polearms
  3083 | D:4      | Reached XP level 7. HP: 57/57 MP: 7/7
  3092 | D:4      | Reached * piety under Okawaru
  3264 | D:4      | Found a large runed translucent door.
  3264 | D:4      | Found a large runed translucent door.
  3265 | D:4      | Noticed Quickbrownfox's ghost (amateur DsIE)
  3509 | D:4      | Killed Quickbrownfox's ghost
  3656 | D:5      | Entered Level 5 of the Dungeon
  3663 | D:5      | Reached skill level 9 in Polearms
  3872 | D:5      | Found a runed translucent door.
  3873 | D:5      | Noticed Crazy Yiuf
  4067 | D:5      | Reached skill level 10 in Polearms
  4067 | D:5      | Reached XP level 8. HP: 63/64 MP: 8/8
  4179 | D:5      | Noticed Ijyb
  4192 | D:5      | Killed Ijyb
  4622 | D:5      | Killed Crazy Yiuf
  4622 | D:5      | Reached ** piety under Okawaru
  5054 | D:6      | Noticed Pikel
  5066 | D:6      | Reached skill level 11 in Polearms
  5093 | D:6      | Killed Pikel
  5093 | D:6      | Reached *** piety under Okawaru
  5093 | D:6      | Reached skill level 12 in Polearms
  5093 | D:6      | Reached XP level 9. HP: 34/70 MP: 9/9
  5535 | D:6      | Found a stormy altar of Qazlal.
  5961 | D:7      | Found a snail-covered altar of Cheibriados.
  5993 | D:7      | Found a shadowy altar of Dithmenos.
  6009 | D:7      | Reached skill level 13 in Polearms
  6262 | D:7      | Found a flagged portal.
  6267 | Bailey   | Entered a bailey
  6533 | Bailey   | Splashed by a gnoll sergeant's acid

Illustrated notes

Levels and vault maps discovered:
D:1:      lemuel_arrival_room, layout_loops_ring
D:2:      layout_basic, first_ration
D:3:      layout_loops_ring, fedhas_altar_1
D:4:      layout_rooms, minmay_temple_entry_overgrown,
          ebering_ghost_disaster_area, uniq_edmund
D:5:      layout_loops_ring, uniq_crazy_yiuf_cottage, uniq_ijyb
D:6:      layout_rooms, nicolae_qazlal_style_of_elements, uniq_pikel
D:7:      layout_gridville, grunt_dithmenos_smoke, enter_bailey_3,
          minmay_liquid_box, cheibriados_altar_1
Temple:   nicolae_temple_the_god_donut
Bailey:   bailey_polearm_gnolls_kennysheep, bailey

Skill      XL: |  1  2  3  4  5  6  7  8  9 |
---------------+----------------------------+-----
Polearms       | 3 4 5 6 8 10 12 13 | 13.8
Fighting       | |  3.6
Armour         | |  3.2
Shields        | |  3.2

Action                   |  1- 3 |  4- 6 |  7- 9 || total
-------------------------+-------+-------+-------++-------
Melee: Trident           |   113 |    98 |   499 ||   710
Invok: Heroism           |       |       |     1 ||     1
Evoke: Wand              |       |       |     1 ||     1
  Use: Scroll            |     5 |     1 |     3 ||     9
       Potion            |     4 |     5 |     4 ||    13
 Stab: Confused          |       |       |     4 ||     4
  Eat: Chunk             |     2 |     5 |     5 ||    12
       Ration            |       |       |     2 ||     2
Armor: Scale mail        |    41 |       |       ||    41
       Chain mail        |    13 |    32 |   148 ||   193
       Plate armour      |       |       |     1 ||     1
Dodge: Dodged            |    39 |    15 |    55 ||   109
Block: Kite shield       |    75 |    48 |   184 ||   307
